AoeStats
← arthur

Black Forest

507949754Analyzed
3v3 RM · 13d ago on Sep 20, 2026· 37m 18s· 6 players
Game mode
Random Map
Map size
Normal (6 player)
Population
200
Speed
Normal
Resources
Standard
Victory
Conquest
Starting age
Dark Age
Ending age
Imperial Age
RankedLock teamsTeams togetherTeam positionsShared explorationLock speedFull tech treeHidden civsTurbo modeCheats
Victory
Defeat
🇮🇳 Khmer · India
1381
+17
🇮🇳 Mongols · India
1380
+17
🇮🇳 Britons · India
1372
+17
🇨🇳 Khmer · China
1503
-20
🇫🇷 Maya · France
1369
-16
🇦🇷 Jurchens · Argentina
1344
-15
Smiley
0:34 Loom
17:19 Feudal Age
21:43 Castle Age
20:15 Double-Bit Axe
22:01 Horse Collar
22:48 Bow Saw
25:45 Wheelbarrow
28:06 Heavy Plow
32:09 Fletching
32:20 Padded Archer Armor
33:13 Bodkin Arrow
33:57 Hand Cart
33:28 Town Watch
37:32 Imperial Age
36:37 Yeomen
Luffy
0:33 Loom
13:52 Feudal Age
17:19 Castle Age
16:06 Double-Bit Axe
16:47 Horse Collar
21:13 Wheelbarrow
21:49 Bow Saw
24:53 Hand Cart
25:17 Heavy Plow
25:37 Stone Mining
27:37 Stone Shaft Mining
26:54 Gold Mining
27:20 Scale Barding Armor
27:26 Forging
31:02 Imperial Age
28:20 Town Watch
29:36 Chain Barding Armor
29:49 Bloodlines
31:04 Iron Casting
30:32 Husbandry
31:14 Masonry
31:47 Gold Shaft Mining
32:07 Tusk Swords
32:10 Double Crossbow
32:31 Conscription
32:13 Fishing Lines
33:42 Plate Barding Armor
34:07 Blast Furnace
33:12 Elite Ballista Elephant
33:31 Light Cavalry
34:37 Siege Engineers
35:45 Architecture
36:41 Fletching
38:38 Chemistry
Hunt
0:33 Loom
10:35 Feudal Age
11:19 Feudal Age
12:47 Double-Bit Axe
15:06 Castle Age
13:48 Fishing Lines
15:47 Loom
16:33 Bow Saw
18:25 Medium Warships
20:07 Gillnets
20:57 Horse Collar
23:23 Heavy Plow
25:28 Wheelbarrow
25:00 Gold Mining
25:10 Stone Mining
29:22 Imperial Age
27:11 Fletching
28:16 Gold Shaft Mining
28:17 Stone Shaft Mining
28:11 Bodkin Arrow
29:15 Padded Archer Armor
29:23 Thumb Ring
29:23 Elite Mangudai
30:38 Conscription
30:35 Bracer
31:02 Ballistics
30:19 Capped Ram
32:04 Drill
33:40 Chemistry
32:07 Siege Ram
33:43 Leather Archer Armor
34:23 Masonry
35:10 Parthian Tactics
35:25 Fortified Wall
arthur
0:26 Loom
13:38 Feudal Age
14:31 Double-Bit Axe
14:36 Fishing Lines
20:05 Castle Age
18:24 Gold Mining
19:12 Forging
19:17 Arson
20:21 Eagle Warrior
21:17 Gillnets
22:45 Horse Collar
25:17 Bow Saw
25:47 Heavy Plow
27:19 Stone Mining
29:07 Wheelbarrow
30:38 Squires
29:59 Pikeman
30:42 Scale Mail Armor
31:41 Chain Mail Armor
34:11 Imperial Age
32:29 Iron Casting
33:24 Hul'che Javelineers
33:26 Padded Archer Armor
34:01 Fletching
34:28 Leather Archer Armor
34:15 Elite Skirmisher
34:52 Bodkin Arrow
36:05 Two-Man Saw
35:46 Ring Archer Armor
36:42 Chemistry
unameru
1:57 Loom
13:30 Feudal Age
17:47 Castle Age
16:25 Double-Bit Axe
16:21 Horse Collar
16:28 Fishing Lines
18:42 Bow Saw
21:46 Gillnets
26:15 Heavy Plow
29:09 Fortified Wall
30:29 Wheelbarrow
33:06 Imperial Age
31:13 Fortified Bastions
32:04 Hand Cart
32:21 Town Watch
32:59 Siege Engineers
33:06 Masonry
33:06 Gold Mining
33:06 Stone Mining
33:18 Caravan
34:47 Ballistics
34:19 Guard Tower
34:02 Heavy Rocket Cart
36:17 Architecture
36:49 Chemistry
36:19 Conscription
36:36 Hoardings
36:08 Fletching
37:36 Bodkin Arrow
2067
10:17 Feudal Age
13:25 Castle Age
13:10 Horse Collar
14:26 Double-Bit Axe
14:52 Heavy Plow
18:24 Loom
23:18 Wheelbarrow
23:03 Bow Saw
22:51 Gold Mining
24:32 Stone Mining
26:27 Hand Cart
29:29 Imperial Age
27:51 Stone Shaft Mining
27:51 Gold Shaft Mining
28:42 Caravan
28:50 Scale Barding Armor
28:53 Loom
30:11 Chain Barding Armor
29:52 Husbandry
30:03 Bloodlines
31:51 Chemistry
30:58 Siege Engineers
31:30 Plate Barding Armor
30:46 Elite Ballista Elephant
31:48 Conscription
31:30 Double Crossbow
32:16 Ballistics
33:01 Coinage
32:55 Masonry
33:06 Fortified Wall
32:20 Light Cavalry
35:18 Town Watch
36:29 Hussar
Connection lost

Rejoining the realm…

Still unreachable

The connection could not be restored.

Session expired

The server has moved on; the page needs a fresh start.